Cogmind - Beta 16 @@@ ROGUE MODE // 2025.10.28 @ 20:23:10 Player: ClassActJerk Result: Destroyed by G-47 Trooper with Particle Gun Performance ------------- Evolutions (0) 0 Regions Visited (1) 200 Robots Destroyed (6) 30 Value Destroyed (190) 190 Prototype IDs (0) 0 Alien Tech Used (0) 0 Bonus (0) 0 TOTAL SCORE: 420 Bonus ------- None Cogmind --------- Core Integrity 0/250 Matter 300/300 Energy 98/100 System Corruption 0% Temperature Cool (10) Movement Walking (190) Ox1 Location -10/Materials Parts ------- > --- POWER (1) -------- (None) > --- PROPULSION (2) --- Aluminum Leg > --- UTILITY (2) ------ Large Storage Unit > --- WEAPON (2) ------- (None) > --- INVENTORY (15) --- Wheel Improved Heat Sink Small Laser Peak State ------------ > --- POWER ------------ Light Ion Engine > --- PROPULSION ------- Compact Wheel Compact Wheel > --- UTILITY ---------- Small Storage Unit Improved Terrain Scanner > --- WEAPON ----------- Light Assault Rifle Light Assault Rifle > --- INVENTORY -------- Wheel Mining Laser [Rating: 9] Favorites ----------- Power Light Ion Engine Engine Light Ion Engine Propulsion Compact Wheel Leg Aluminum Leg Wheel Compact Wheel Utility Improved Terrain Scanner Device Improved Terrain Scanner Storage Small Storage Unit Weapon Light Assault Rifle Ballistic Gun Light Assault Rifle Build | -11 -10 ------- Run | Yrd Mat Slots Evolved . | . . Power . | . . Propulsion . | . . Utility . | . . Weapon . | . . Parts Attached 13 | 7 6 Power 2 | 1 1 Engine 2 | 1 1 Core . | . . Reactor . | . . Propulsion 6 | 4 2 Treads . | . . Leg 4 | 2 2 Wheel 2 | 2 . Hover . | . . Flight . | . . Utility 3 | 1 2 Device 1 | . 1 Storage 2 | 1 1 Processor . | . . Hackware . | . . Protection . | . . Artifact . | . . Weapon 2 | 1 1 Energy Gun . | . . Energy Cannon . | . . Ballistic Gun 2 | 1 1 Ballistic Cannon . | . . Launcher . | . . Special Weapon . | . . Impact Weapon . | . . Slashing Weapon . | . . Piercing Weapon . | . . Special Melee Weapon . | . . Unidentified Prototypes . | . . Parts Lost 7 | . 7 Power 2 | . 2 Propulsion 2 | . 2 Utility 1 | . 1 Weapon 2 | . 2 Highest Loss Streak 4 | . 4 To Critical Strikes . | . . Average Backups 2 | . 2 Power . | . . Propulsion . | . 1 Utility . | . . Weapon . | . . Tool/Special . | . . Unused Backups 6 | . 6 Power . | . . Propulsion 2 | . 2 Utility 2 | . 2 Weapon 2 | . 2 Tool/Special . | . . Average Slot Usage (%) 91 | . 91 Engine 12 | . 12 Leg 6 | . 6 Wheel 20 | . 20 Device 13 | . 13 Storage 14 | . 14 Ballistic Gun 22 | . 22 Peak Build Rating 9 | 5 9 Average Rating 7 | 2 8 On Entrance 2 | . 5 Avg Prop Armor Cover (%) . | . . Naked Turns . | . . Heaviest Build 27 | 9 27 Greatest Support 32 | 32 32 Greatest Overweight (x) 2 | 2 2 Average Overweight (x) . | . . Largest Inventory Capacity 15 | 8 15 Average Capacity 10 | 6 11 Most Carried 4 | 4 4 Average Carried 2 | . 2 Final Capacity 15 | 8 15 Final Carried 4 | 4 3 Class Distribution -------------------- 80% | Mutant 19% | Scavenger-Mutant Dominant Class ---------------- Mutant | -10/Materials Resources | -11 -10 ----------- Run | Yrd Mat Matter Collected 355 | 218 137 Remotely . | . . Salvage Created 225 | 16 209 Parts 18 | 4 14 Haulers Intercepted . | . . Recyclers Shooed . | . . Parts Field Recycled . | . . Retrieved Matter . | . . Parts Self-Destructed . | . . Prevented . | . . Parts Restored . | . . Kills | -11 -10 ------- Run | Yrd Mat Combat Hostiles Destroyed 5 | . 5 Guns 5 | . 5 Classes Destroyed 2 | 1 1 Tunneler 1 | 1 . Grunt 5 | . 5 Best Kill Streak 3 | 1 3 Combat Bots Only 3 | . 3 Max Kills in Single Turn 2 | 1 2 Gunslinging 1 | . 1 Exploded . | . . Melee . | . . Uniques/NPCs Destroyed . | . . Combat | -11 -10 -------- Run | Yrd Mat Hostile Shots Fired 86 | . 86 Missed 28 | . 28 Hits 58 | . 58 Projectile 58 | . 58 Damage Taken 786 | . 786 Core 253 | . 253 Absorbed by Shields . | . . Core Remaining (%) 100 | 100 . Volleys Fired 25 | 4 21 Largest 2 | 1 2 Hottest 40 | 20 40 Shots Fired 40 | 4 36 Gun 40 | 4 36 Cannon . | . . Launcher . | . . Special . | . . Kinetic 40 | 4 36 Thermal . | . . Explosive . | . . Electromagnetic . | . . Robot Hit Streak 6 | 3 6 Robot Miss Streak 3 | . 3 Penetration Max . | . . Secondary Targets 2 | . 2 Max Gunslinging Chain 1 | . 1 Shots Hit Robots 26 | 3 23 Core Hits 15 | 2 13 Critical Kills . | . . Critical Parts Destroyed . | . . Critical Strikes . | . . Melee Attacks . | . . Impact . | . . Slashing . | . . Piercing . | . . Sneak Attacks . | . . Combat Hostiles . | . . Follow-up Attacks . | . . Damage Inflicted 226 | 25 201 Guns 223 | 25 198 Cannons . | . . Explosions . | . . Melee . | . . Ramming 3 | . 3 Kinetic 223 | 25 198 Thermal . | . . Explosive . | . . Electromagnetic . | . . Impact . | . . Slashing . | . . Piercing . | . . Highest Corruption . | . . Average Corruption . | . . Corruption Purged . | . . Corruption Blocked . | . . Overload Shots . | . . Overflow Damage . | . . Projectiles . | . . Explosions . | . . Melee . | . . Knockbacks . | . . Impact . | . . Kinetic . | . . Secondary . | . . Self-Inflicted Damage . | . . Shots . | . . Rammed . | . . Targets Rammed 1 | . 1 Kicked 1 | . 1 Crushed . | . . Highest Temperature 27 | . 27 Average Temperature 8 | . 8 Received Heat Transfer 405 | . 405 Siege Activations . | . . Martial Activations . | . . Shielding Activations . | . . Robots Disrupted . | . . Combat Hostiles . | . . Robots Corrupted . | . . Combat Hostiles . | . . Parts Fried . | . . Impact Corruptions . | . . Robots Melted . | . . Combat Hostiles . | . . Parts Melted . | . . Heat Transferred . | . . Parts Sabotaged . | . . Parts Stolen . | . . Parts Stripped . | . . Power Chain Reactions . | . . Alert | -11 -10 ------- Run | Yrd Mat Maximum Alert Level . | . . Low Security (%) 100 | 100 100 Level 1 . | . . Level 2 . | . . Level 3 . | . . Level 4 . | . . Level 5 . | . . High Security . | . . Max Security . | . . Peak Influence 98 | 5 98 Initial . | . . Average 18 | . 22 Influence Increases 165 | 5 160 Destroy 0b10 Robot/C 100 | . 100 Destroy 0b10 Robot/NC 5 | 5 . Destroy Leader 30 | . 30 Lose Combat Pursuer 30 | . 30 Influence Decreases 165 | 5 160 Time Decay 101 | 5 96 Lost Part 64 | . 64 Squads Dispatched 4 | . 4 Investigation 2 | . 2 Extermination . | . . Reinforcement 2 | . 2 Assault . | . . Garrison . | . . Intercept . | . . Searches Triggered . | . . Construction Impeded . | . . Haulers Reinforced . | . . Active Scanning Responses . | . . Cargo Convoy Interrupts . | . . Stealth | -11 -10 --------- Run | Yrd Mat Distress Signals 1 | . 1 Communications Jammed . | . . Distress Signals . | . . Times Spotted 15 | . 15 Peak Tracking Total 5 | . 5 Tactical Retreats 2 | . 2 Traps | -11 -10 ------- Run | Yrd Mat Traps Triggered 1 | . 1 Indirectly . | . . Trap Hack Attempts . | . . Triggered . | . . Disarmed . | . . Reprogrammed . | . . Reused . | . . Traps Extracted . | . . Installed . | . . Triggered . | . . Machines | -11 -10 ---------- Run | Yrd Mat Machines Disabled . | . . Max in Single Turn . | . . Machines Repaired . | . . Machines Dismantled . | . . Machines Sabotaged . | . . Overloaded Fab Kills . | . . Hacking | -11 -10 --------- Run | Yrd Mat Machines Accessed 1 | . 1 Terminals . | . . Fabricators . | . . Repair Stations . | . . Recycling Units 1 | . 1 Scanalyzers . | . . Garrison Access . | . . Total Hacks 7 | . 7 Successful 6 | . 6 Failed 1 | . 1 Catastrophic . | . . Database Lockouts . | . . Manual . | . . Terminals . | . . Fabricators . | . . Repair Stations . | . . Recycling Units 7 | . 7 Scanalyzers . | . . Garrison Access . | . . Terminal Hacks . | . . Fabricator Hacks . | . . Repair Station Hacks . | . . Recycling Unit Hacks 6 | . 6 Recycle Component 1 | . 1 Process 3 | . 3 Report Inventory 1 | . 1 Retrieve Components 1 | . 1 Scanalyzer . | . . Garrison Access Hacks . | . . Unauthorized Hacks . | . . Terminals . | . . Fabricators . | . . Repair Stations . | . . Recycling Units . | . . Scanalyzers . | . . Garrison Access . | . . Data Cores Recovered . | . . Used . | . . Hacking Detections 1 | . 1 Full Trace Events 1 | . 1 Feedback Events . | . . Feedback Blocked . | . . Robot Schematics Acquired . | . . Robots Built . | . . Authchips . | . . Time . | . . Total Robot Build Rating . | . . Part Schematics Acquired . | . . Parts Built . | . . Authchips . | . . Time . | . . Total Part Build Rating . | . . Part Studies Acquired . | . . Parts Repaired . | . . Time . | . . Parts Recycled 1 | . 1 Recycled Matter 8 | . 8 Retrieved Matter . | . . Retrieved Components . | . . Parts Scanalyzed . | . . Part Schematics Acquired . | . . Parts Damaged . | . . Bothacking | -11 -10 ------------ Run | Yrd Mat Used RIF Installer . | . . Robots Hacked . | . . Non-combat . | . . Combat . | . . Robot Hacks Applied . | . . Relay Couplers Released . | . . Fabnet Peak Effective % . | . . Robots Rewired . | . . Allies Hacked . | . . Hacks Repelled . | . . Allies | -11 -10 -------- Run | Yrd Mat Total Allies . | . . Largest Group . | . . Highest-Rated Group . | . . Highest-Rated Ally . | . . Total Orders . | . . Ally Attacks . | . . Total Damage . | . . Kills . | . . Allies Corrupted . | . . Allies Melted . | . . Intel | -11 -10 ------- Run | Yrd Mat Active Infowar (turns) 606 | . 606 Terrain 606 | . 606 Robot Analysis Total . | . . Derelict Logs Recovered . | . . Drone Launches . | . . Drone Recoveries . | . . Exploration | -11 -10 ------------- Run | Yrd Mat Turns Passed 768 | 126 642 Spaces Moved 345 | 66 279 Core 19 | 19 . Treads . | . . Legs 55 | 7 48 Wheels 271 | 40 231 Hover . | . . Flight . | . . Fastest Speed 50 | 50 100 Average Speed 113 | 101 116 Slowest Speed 260 | 150 260 Overloaded Moves . | . . Propulsion Burnouts . | . . Robots Hopped . | . . Potential Cave-ins . | . . Cave-ins Triggered . | . . Exploration Rate (%) 19 | 6 32 Regions Visited 1 Branch Regions . Pre-discovered Areas . | . . Known Exits Taken . | . . Unknown Exits Taken 1 | 1 . Scrap Searched . | . . Spaces Dug . | . . Terrain Destroyed . | . . Melee . | . . Projectile . | . . AOE . | . . Terrain Rammed . | . . Walls Destroyed . | . . Machines Disabled . | . . Actions | -11 -10 --------- Run | Yrd Mat Total 690 | 122 568 Wait 282 | 33 249 Move 344 | 65 279 Hop . | . . Pick Up 19 | 11 8 Fast Attach . | . . Attach 12 | 7 5 Detach . | . . Swap 1 | . 1 Drop 6 | 2 4 Fire 25 | 4 21 Melee . | . . Ram . | . . Kick 1 | . 1 Crush . | . . Escape Stasis . | . . Rewire . | . . Trap . | . . Miscellaneous . | . . Route ------- -11/Scrapyard -10/Materials History --------- Turn | Location | Event 34 | -11/Scrapyard | Discovered new exit (range 16) 127 | -11/Scrapyard | Entered Materials 318 | -10/Materials | Build established: Mutant 621 | -10/Materials | Lost 3 parts (1p1n1w) 745 | -10/Materials | Core integrity fell below 50% 766 | -10/Materials | Core integrity fell below 20% 769 | -10/Materials | Destroyed by G-47 Trooper with Particle Gun Last Messages --------------- 00618_ Dropped Aluminum Leg. 00619_ Dropped Sml. Storage Unit. 00621_ Acquired Ion Engine. 00627_ Acquired Sml. Laser. 00630_ Acquired Imp. Heat Sink. 00631_ Acquired 30 matter. 00738_ Lgt. Assault Rifle destroyed. 00758_ Aluminum Leg destroyed. 00762_ Imp. Terrain Scanner destroyed. 00764_ Kicked K-01 Serf. 00766_ Neutrino Reactor explodes. 00766_ G-34 Mercenary destroyed. 00766_ Chain reaction triggered in Corrupted Ion Engine. 00766_ G-34 Mercenary destroyed. 00766_ Terminal disabled. 00766_ Chain reaction triggered in Ion Engine. 00766_ Door malfunctions. 00767_ K-01 Serf destroyed. 00769_ G-47 Trooper IFF system glitched. Map ----- +----------------------------------------------------+ | ?????????????????????????????????????????????????? | | ?????????????????????????????????????????????????? | | ?????????????????????????????????????????????????? | | ?????????????????????????????????????????????????? | | ?????????????????????????????????????????????????? | | ?????????????????????????????????????????????????? | | ?????????????????????????????????????????????????? | | ?????????????????????????????????????????????????? | | ?????????????????????????????????????????????????? | | ?????????????#?????????#?????????????????????????? | | ??????????????#??????????????????????????????????? | | ?????????????????????????????????????????????????? | | ?????????????????????????????????????????????????? | | ??????????????????? ? ???????????????????????????? | | ?????????????????????????????????????????????????? | | ?????????????#???????????????????????????????????? | | ?????????????? ??????????????????????????????????? | | ?????????????? ?????????????? ???????????????????? | | ?? ????????????? ????? ??????????????????????????? | | ?? ?????????????????????????????????? #??????????? | | ?? ?????????#?##########??????????? ???????????? | | ?? ???????????# g #????????? ?????####???? | | ?? ???????????# ##?????? """?????? #??? | | ?? ?????????? # ###### """?????? #??? | | ?? ???????"???# g % """?????? #??? | | ?# #??????????# %[ ; @ ? ???? | | ?# ##?????? ?# % = a ? ???? | | ?# #??????? ??# ! #;;+#####T# ### ##??? | | ?# #??????????# !% ! # ????#????????# #?#?? | | ?# #??#?#?????# = # """??????#?????# ##?## | | ?# #???#??#?#?#+##+##### ""R" ??#????????# #???? | | ?# #?#?#?#????# #??## "" " ??????#???# #???? | | ?# #??#?##?#### #???# #??#??????# #??? | | ?# #?????#????# ####################### #???? | | ## #??###?????# #???? | | ?# ############ +???? | | ?# #??? | | ?# #####+#############+##### # ? ? | | ?# # #??# ## #???? | | ## """" + """ ##?# """ """ ## # ?? | | ! = """" ! ###+## ! "T" #??# """ """ ## ###?# | | [ ="""" ##* # #??# """ """ # #### | | * ##% # ##?# # | | +=%!# """ ##?# # | | #####+###!= # """ #??# # | | ## !# =!# """ #??# # #### | | # "" # ###########??#############/###### | | ! !# "Y = # #??#??????#??#?????# | | #! !!## "" #####???????##?#?#????## """ """ """ | | ####### ##???????????????#?????# """ """ """ | +----------------------------------------------------+ Best States ------------- Heat Dissipation 25 Energy Generation 10 Energy Capacity 250 Matter Stores 300 Matter Capacity 300 Sight Range 16 Terrain Scan Range 16 Terrain Scan Density 10 Evasion (%) 40 Item Schematics ----------------- None Robot Schematics ------------------ None Fabricated ------------ Nothing Repaired ---------- Nothing Studied --------- None Alien Tech Used ----------------- None Achievements -------------- I Have A Map? Challenges ------------ None Game ------ Seed LobotomyDeuteriumDetector Manual? 0 Play Time 00:11:10 Cumulative 13.7 hours Start 2025.10.28 @ 20:13:12 End 2025.10.28 @ 20:23:10 Sessions 1 Manual Loads 0 Difficulty Rogue Special Mode None Game No. 41 Rogue 41 Adventurer 0 Explorer 0 Win Type - Total 0 Types 0/0/0/0/0/0/0/0/0/0 Lore% 5 Gallery% 15 Achievement% 10 Wizard Run 0 Options --------- Layout 1 ASCII 0 Keyboard 0 Movement Mouse Keybinds 0 Fullscreen 1 Font 24/Smallcaps Map View 50x35 Zoom Use 0% Tactical HUD 1 Map Filters NONE Filters NONE Steam 1 RUN: 302248e4-94de-436b-98cd-92c42f42010e